 Dungeon Crawl Stone Soup version 0.29-a0-121-g8efb068a30 (webtiles) character file.

Game seed: 12891690716501678523

45 Gargoyl the Skirmisher (level 3, -3/24 HPs)
             Began as a Gargoyle Abyssal Knight on Feb 20, 2022.
             Was a Follower of Lugonu.
             Slain by a hobgoblin (12 damage)
             ... led by Robin
             ... on level 2 of the Dungeon.
             The game lasted 00:01:07 (1302 turns).

Gargoyl the Skirmisher (Gargoyle Abyssal Knight)    Turns: 1302, Time: 00:01:07

Health: -3/24      AC:  9    Str: 18    XL:     3   Next: 64%
Magic:  4/4        EV: 11    Int: 10    God:    Lugonu [*.....]
Gold:   37         SH:  0    Dex: 10    Spells: 2/2 levels left

rFire   . . .      SeeInvis .   a - +1 hand axe
rCold   . . .      Faith    .   (no shield)
rNeg    + . .      Spirit   .   b - +0 leather armour
rPois   ∞          Reflect  .   h - +2 helmet
rElec   +          Harm     .   (no cloak)
rCorr   .          Rampage  .   (no gloves)
Will    .....                   (no boots)
Stlth   +.........              (no amulet)
HPRegen 0.08/turn               (no ring)
MPRegen 0.09/turn               (no ring)

@: no status effects
A: sickness immunity, AC +3, negative energy resistance 1, electricity
resistance, torment resistance 1, petrification resistance
a: Renounce Religion, Depart the Abyss


You were on level 2 of the Dungeon.
You worshipped Lugonu.
Lugonu was aware of your devotion.
You visited 1 branch of the dungeon, and saw 2 of its levels.
You visited the Abyss 1 time.

You collected 37 gold pieces.

Inventory:

Hand Weapons
 a - a +1 hand axe (weapon)
Armour
 b - a +0 leather armour (worn)
 h - a +2 helmet (worn)
Scrolls
 c - a scroll of fog {unknown}
 d - a scroll of teleportation {unknown}
 e - a scroll of amnesia {unknown}
Potions
 f - 2 potions of mutation {unknown}
 g - a potion of magic {unknown}


   Skills:
 + Level 4.4 Fighting
 + Level 2.0 Axes
 + Level 2.6 Armour
 + Level 1.0 Dodging
 + Level 2.1 Invocations


You had 2 spell levels left.
You didn't know any spells.
Your spell library contained the following spells:

 Spells                   Type           Power      Damage    Failure   Level
 Summon Small Mammal      Summ           0%         N/A       41%         1
 Call Canine Familiar     Summ           0%         N/A       80%         3
 Summon Guardian Golem    Hex/Summ       0%         N/A       80%         3
 Alistair's Intoxication  Tmut/Pois      0%         N/A       100%        5
 Borgnjor's Vile Clutch   Necr/Erth      0%         N/A       100%        5
 Eringya's Noxious Bog    Tmut/Pois      0%         N/A       100%        6


Dungeon Overview and Level Annotations

Branches:
Dungeon (2/15)

Altars:


Innate Abilities, Weirdness & Mutations

You are immune to sickness and miasma.
Your stone body is resilient. (AC +3)
You are immune to poison.
You resist negative energy. (rN+)
You are resistant to electric shocks. (rElec)
You are resistant to unholy torment.
You are immune to petrification.


Message History

Robin roars a battlecry!
The goblin goes into a battle-frenzy!
You hit Robin but do no damage. You punch Robin.
Robin is lightly wounded.
Robin closely misses you.
Unknown command.
You hit Robin.
Robin is lightly wounded.
A goblin comes into view. It is wielding a +0 dagger.
Robin hits you but does no damage.
Unknown command.
You hit Robin.
Robin is heavily wounded.
Robin misses you.
You closely miss Robin.
Robin is heavily wounded.
Robin hits you with a +0 mace.
Robin roars a battlecry!
The goblin goes into a battle-frenzy!
You hear a shout!
Unknown command.
You hit Robin but do no damage.
Robin is heavily wounded.
Robin hits you with a +0 mace.
Unknown command.
You hit Robin but do no damage.
Robin is heavily wounded.
Robin hits you but does no damage.
Unknown command.
You slash Robin!
Robin is almost dead.
Robin hits you with a +0 mace.
You hit Robin.
You kill Robin!
Lugonu accepts your kill.
Unknown command.
You barely miss the hobgoblin.
The hobgoblin hits you with a +0 long sword!
Ouch! That really hurt!
You die... # #. g### gg.

######g#
#....g#
#####...†@#
.....(....#
#####.))..#
#.†<..#
###.###
...# .....#
........
##.....##.


You could see 3 hobgoblins and 2 goblins.

Vanquished Creatures
  Robin (D:2)
  A dart slug (D:2)
  6 endoplasms (D:1)
  3 goblins (D:2)
  2 hobgoblins (D:2)
  3 jackals (D:1)
  2 quokkas (D:1)
  4 ball pythons
  3 bats
  2 frilled lizards
  2 kobolds (D:1)
  A rat (D:1)
30 creatures vanquished.

Notes
Turn   | Place    | Note
-------+----------+-------------------------------------------
     0 | Abyss:1  | Gargoyl the Gargoyle Abyssal Knight began the quest for the
                  | Orb.
     0 | Abyss:1  | Reached XP level 1. HP: 14/14 MP: 2/2
     4 | Abyss:1  | Found a corrupted altar of Lugonu.
     5 | D:1      | Escaped the Abyss
    98 | D:1      | Reached XP level 2. HP: 5/19 MP: 3/3
   347 | D:1      | Reached * piety under Lugonu
   610 | D:1      | Found a faded altar of an unknown god.
  1025 | D:1      | Reached skill level 4 in Fighting
  1270 | D:2      | Reached XP level 3. HP: 24/24 MP: 4/4
  1289 | D:2      | Noticed Robin
  1291 | D:2      | Reached skill level 1 in Dodging
  1301 | D:2      | Killed Robin
  1302 | D:2      | Slain by a hobgoblin

Illustrated notes

Levels and vault maps discovered:
D:1:      dpeg_arrival_simpleton_a, layout_loops_ring,
          ebering_ecumenical_altar_petrified, minmay_tromino_mix6
D:2:      layout_loops_ring, minmay_rat_hole, uniq_robin, uniq_jessica

Skill      XL: |  1  2  3 |
---------------+----------+-----
Fighting       | 4 |  4.4
Axes           | 2 |  2.0
Dodging        | 1 |  1.0
Armour         | |  2.6
Invocations    | |  2.1

Action                   || total
-------------------------++-------
Melee: Hand axe          ||    73
       Punch             ||     1
Invok: Depart the Abyss  ||     1
Armor: Leather armour    ||    40
Dodge: Dodged            ||    63

Table legend: (Time is in decaauts)
 A = Elapsed time spent in this place.
 B = Non-inter-level travel time spent in this place.
 C = Inter-level travel time spent in this place.
 D = Time resting spent in this place.
 E = Time spent auto-exploring this place.
 F = Levels seen in this place.
 G = Mean time per level.
                   A        B        C        D        E       F      G
               +--------+--------+--------+--------+--------+-----+--------+
         Total |   1316 |   1296 |     20 |      0 |   1058 |   3 |  438.7 |
       Dungeon |   1311 |   1291 |     20 |      0 |   1054 |   2 |  655.5 |
         Abyss |      5 |      5 |      0 |      0 |      4 |   1 |    5.0 |
               +--------+--------+--------+--------+--------+-----+--------+

Top non-repeatable levels by time:
     D:1: 1267 daAuts
     D:2: 43 daAuts
 Abyss:1: 5 daAuts
